 Dungeon Crawl Stone Soup version 0.31-a0-819-gf6de2f5ab6 (webtiles) character file.

Game seed: 537332250172787548

68 Kurtz the Chopper (level 4, -2/31 HPs)
             Began as an Octopode Fighter on Sept 25, 2023.
             Slain by a gnoll
             ... wielding a +0 flail
              (10 damage)
             ... on level 3 of the Dungeon.
             The game lasted 00:00:38 (1279 turns).

Kurtz the Chopper (Octopode Fighter)                Turns: 1279, Time: 00:00:38

Health: -2/31      AC:  1    Str: 15    XL:     4   Next: 19%
Magic:  4/4        EV: 13    Int: 10    God:
Gold:   58         SH:  4    Dex: 13    Spells: 3/3 levels left

rFire   . . .        a - +0 war axe
rCold   . . .        b - +0 buckler
rNeg    . . .        (helmet restricted)
rPois   .            (no amulet)
rElec   .            (no ring)
rCorr   .            (no ring)
SInv    .            (no ring)
Will    +....        (no ring)
Stlth   ++           (no ring)
HPRegen 0.25/turn    (no ring)
MPRegen 0.09/turn    (no ring)
                     (no ring)

%: no passive effects
@: enlightened, flying
A: almost no armour, amphibious, 8 rings, camouflage 1, gelatinous body 1,
(nimble swimmer 1), tentacles
a: no special abilities


You were on level 3 of the Dungeon.
You visited 1 branch of the dungeon, and saw 3 of its levels.

You collected 58 gold pieces.

Inventory:

Hand Weapons
 a - a +0 war axe (weapon)
Armour
 b - a +0 buckler (worn)
Scrolls
 d - a scroll of noise {unknown}
 g - 2 scrolls of identify {unknown}
 j - a scroll of revelation {unknown}
 l - a scroll of teleportation {unknown}
 m - a scroll of brand weapon {unknown}
Potions
 c - 2 potions of might
 e - a potion of enlightenment
 f - 2 potions of heal wounds {unknown}
 h - 2 potions of haste {unknown}
 i - a potion of brilliance {unknown}
 k - 2 potions of curing {unknown}


   Skills:
 - Level 3.0 Fighting
 * Level 4.3 Axes
 - Level 3.0 Dodging
 - Level 3.0 Shields


You had 3 spell levels left.
You didn't know any spells.
Your spell library contained the following spells:

 Spells                   Type           Power      Damage    Failure   Level
 Shock                    Conj/Air       0%         1d3       45%         1
 Swiftness                Air            0%         N/A       83%         3
 Airstrike                Air            0%         2d(0-16)  99%         4


Dungeon Overview and Level Annotations

Branches:
Dungeon (3/15)

Altars:


Innate Abilities, Weirdness & Mutations

You cannot wear most types of armour.
You are amphibious.
You can wear up to eight rings at the same time.
Your skin changes colour to match your surroundings (Stealth+).
Your rubbery body absorbs attacks. (AC +1, EV +1)
((You are camouflaged when in or above water. (Stealth+)))
You have tentacles for arms and can constrict up to eight enemies at once.


Message History

There is a stone staircase leading down here.
You climb downwards.
There is a stone staircase leading up here.
You open the door.
There is an open door here.
m - a scroll labelled CUAS XORCHYLO No target in view!
Unknown command.
Found a stone staircase leading up.
No target in view!
c - 2 potions of might (gained 1)
There is a stone staircase leading up here.
Found an escape hatch in the floor.
Unknown command.
No target in view!
A gnoll comes into view. It is wielding a +0 spear.
Unknown command.
A gnoll is nearby!
The gnoll shouts!
You hear a shout! x2
No target in view! 3 gnolls come into view.
The gnoll shouts! x2
The gnoll hits you with a +0 flail! The gnoll completely misses you.
Unknown command.
There are monsters nearby!
You barely miss the gnoll. You grab the gnoll. You squeeze the gnoll.
The gnoll is heavily wounded.
You closely miss the gnoll. You constrict the gnoll.
The gnoll closely misses you. You block the gnoll's attack. x2
There are monsters nearby!
Unknown command.
You release your grip on the gnoll.
The gnoll attacks as it pursues you! The gnoll hits you with a +0 flail!
* * * LOW HITPOINT WARNING * * *
The gnoll attacks as it pursues you! The gnoll barely misses you.
It was a potion of enlightenment.
You feel very buoyant.
You fly up into the air.
The gnoll closely misses you. The gnoll attacks as it pursues you!
The gnoll hits you with a +0 flail!
You die...

##.###......#
#...........#
#...........#
#......###...#
#. #....g.# ...
.. #.>....# #
.###...g..#
..#.gg...#
##.#.@....#
#..##.#####
#<..#.# #.#...#
#.##..# #.##..#
#.###.##......#
#.#
#.##......#.#
#.#
#.##......#.#


You could see 4 gnolls.

Vanquished Creatures
  3 adders (D:2)
  A worm (D:2)
  A dart slug (D:2)
  3 ball pythons
  2 bats (D:1)
  5 endoplasms
  2 giant cockroaches (D:1)
  5 goblins
  3 hobgoblins
  2 quokkas
  2 frilled lizards (D:1)
  3 rats (D:1)
32 creatures vanquished.

Notes
Turn   | Place    | Note
-------+----------+-------------------------------------------
     0 | D:1      | Kurtz the Octopode Fighter began the quest for the Orb.
     0 | D:1      | Reached XP level 1. HP: 16/16 MP: 1/1
   143 | D:1      | Reached XP level 2. HP: 15/21 MP: 2/2
   336 | D:1      | Reached skill level 3 in Axes
   599 | D:1      | Reached XP level 3. HP: 22/26 MP: 3/3
   921 | D:2      | Reached skill level 4 in Axes
   923 | D:2      | Reached XP level 4. HP: 22/31 MP: 4/4
  1279 | D:3      | Slain by a gnoll

Illustrated notes

Levels and vault maps discovered:
D:1:      minmay_arrival_loop, layout_loops_ring, serial_park_tiny_1
D:2:      layout_loops_cross
D:3:      kb_forest_paths, layout_basic, kennysheep_generic_room_3, uniq_jessica

Skill      XL: |  1  2  3 |
---------------+----------+-----
Axes           | 3 4 |  4.3
Fighting       | |  3.0
Dodging        | |  3.0
Shields        | |  3.0

Action                     |  1- 3 |  4- 6 || total
---------------------------+-------+-------++-------
  Melee: War axe           |    44 |     5 ||    49
         Tentacles         |     7 |     2 ||     9
         Constrict         |     9 |     3 ||    12
    Use: Potion            |       |     1 ||     1
   Stab: Sleeping          |     7 |       ||     7
 Armour: Skin              |    10 |     4 ||    14
  Dodge: Dodged            |    18 |     6 ||    24
  Block: Buckler           |     5 |     3 ||     8

Table legend: (Time is in decaauts)
 A = Elapsed time spent in this place.
 B = Non-inter-level travel time spent in this place.
 C = Inter-level travel time spent in this place.
 D = Time resting spent in this place.
 E = Time spent auto-exploring this place.
 F = Levels seen in this place.
 G = Mean time per level.
                   A        B        C        D        E       F      G
               +--------+--------+--------+--------+--------+-----+--------+
         Total |   1296 |   1277 |     19 |      0 |   1075 |   3 |  432.0 |
       Dungeon |   1296 |   1277 |     19 |      0 |   1075 |   3 |  432.0 |
               +--------+--------+--------+--------+--------+-----+--------+

Top non-repeatable levels by time:
     D:1: 696 daAuts
     D:2: 548 daAuts
     D:3: 52 daAuts
